 Dungeon Crawl Stone Soup version 0.24-a0-613-g1ff6aac338 (webtiles) character file.

Game seed: 9142171872969285681, levelgen mode: deterministic

84 Jorund the Bolt Thrower (level 4, 29/33 HPs)
             Began as a Formicid Hunter on Sept 10, 2019.
             Quit the game on level 3 of the Dungeon.
             The game lasted 00:05:08 (1910 turns).

Jorund the Bolt Thrower (Formicid Hunter)           Turns: 1910, Time: 00:05:08

Health: 29/33      AC:  2    Str: 17    XL:     4   Next: 74%
Magic:  4/4        EV: 12    Int: 11    God:
Gold:   134        SH:  0    Dex: 11    Spells: 3/3 levels left

rFire    . . .     SeeInvis +   m - -3 spear
rCold    . . .     Gourm    .   (no shield)
rNeg     . . .     Faith    .   g - +0 robe
rPois    .         Spirit   .   (helmet unavailable)
rElec    .         Reflect  .   (no cloak)
rCorr    .         Harm     .   (no gloves)
MR       .....                  (no boots)
Stlth    ++........             (no amulet)
HPRegen  0.11/turn              (no ring)
MPRegen  0.09/turn              (no ring)

@: no status effects
A: permanent stasis, dig shafts and tunnels, four strong arms, antennae 3
a: Dig, Shaft Self


You were on level 3 of the Dungeon.
You were not hungry.

You visited 1 branch of the dungeon, and saw 3 of its levels.

You collected 134 gold pieces.

Inventory:

Hand Weapons
 a - a +1 hand crossbow
 b - a +0 short sword
 m - a -3 spear (weapon)
 q - a +0 whip of freezing
Missiles
 d - 40 bolts
 h - 64 arrows
Armour
 c - a +0 leather armour
 g - a +0 robe (worn)
 l - a +0 plate armour
Jewellery
 e - an uncursed ring of fire
Potions
 j - a potion of agility
 o - a potion of curing {unknown}
Comestibles
 f - a ration


   Skills:
 - Level 2.1 Fighting
 + Level 5.7 Crossbows
 + Level 0.4 Armour
 - Level 1.7 Dodging
 - Level 1.2 Stealth


You had 3 spell levels left.
You didn't know any spells.
Your spell library was empty.

Dungeon Overview and Level Annotations

Branches:
Dungeon (3/15)

Altars:
Ru


Innate Abilities, Weirdness & Mutations

You cannot be hasted, slowed, berserked, paralysed or teleported.
You can dig through walls and to a lower floor.
Your four strong arms can wield two-handed weapons with a shield.
You have a pair of large antennae on your head. (SInv)


Message History

Wield which item (- for none, * to show all)? (? for menu, Esc to quit)
Okay, then.
As you read the scroll labeled MIBRUS VAKYMOE, it crumbles to dust.
The air around you briefly surges with heat, but it dissipates.
It was a scroll of immolation.
A leopard gecko comes into view.
The leopard gecko hisses angrily.
The leopard gecko closely misses you.
You barely miss the leopard gecko. The leopard gecko bites you.
You hit the leopard gecko.
The leopard gecko is heavily wounded.
The leopard gecko bites you.
You closely miss the leopard gecko.
The leopard gecko is heavily wounded.
The leopard gecko barely misses you. The leopard gecko bites you.
You hit the leopard gecko.
You kill the leopard gecko!
No target in view!
No target in view!
Are you sure you want to abandon this character and quit the game? (Confirm with "yes".)

###### .....# ####.#
#.# ############ #.#
#....†@....# #.#
#.########.# #.# #.#
#.# # #.#
#.######.#### #.#
####...........# #.#
.............#.# #.#
.#.....####..#.#####.#
##.###.# #..#.......#


There were no monsters in sight!

Vanquished Creatures
  3 adders (D:2)
  A dart slug (D:2)
  4 leopard geckos
  2 giant cockroaches
  3 goblins (D:1)
  8 hobgoblins
  2 quokkas (D:2)
  7 bats
  2 frilled lizards
  8 kobolds
  12 rats
52 creatures vanquished.

Notes
Turn   | Place    | Note
-------+----------+-------------------------------------------
     0 | D:1      | Jorund the Formicid Hunter began the quest for the Orb.
     0 | D:1      | Reached XP level 1. HP: 16/16 MP: 1/1
   129 | D:1      | Reached XP level 2. HP: 22/22 MP: 2/2
   352 | D:1      | Reached XP level 3. HP: 27/27 MP: 3/3
   647 | D:2      | Reached skill level 5 in Crossbows
   814 | D:2      | Found a sacrificial altar of Ru.
  1074 | D:2      | Reached XP level 4. HP: 31/33 MP: 4/4
  1910 | D:3      | Quit the game

Levels and vault maps discovered:
D:1:      dpeg_arrival_subterranean_lakeside_camping, layout_basic
D:2:      layout_loops_corners, nicolae_ru_the_path_less_chosen
D:3:      cheibrodos_greedy_goblins, layout_loops_ring

Skill      XL: |  1  2  3 |
---------------+----------+-----
Crossbows      | 5 |  5.7
Fighting       | |  2.1
Armour         | |  0.4
Dodging        | |  1.7
Stealth        | |  1.2

Action                   |  1- 3 |  4- 6 || total
-------------------------+-------+-------++-------
Melee: Spear             |       |    24 ||    24
 Fire: Hand crossbow     |    78 |    22 ||   100
  Use: Scroll            |       |     8 ||     8
  Eat: Ration            |       |     1 ||     1
       Chunk             |       |     1 ||     1
Armor: Leather armour    |     6 |     1 ||     7
       Robe              |       |     3 ||     3
Dodge: Dodged            |    15 |    20 ||    35

Table legend:
 A = Non-vault XP
 B = Vault XP
 C = Vault XP percentage of total XP
 D = Non-vault monster count
 E = Vault monster count
 F = Vault count percentage of total count
                 A         B        C        D         E       F
            +---------+---------+-------+---------+---------+-------
      Total |     113 |       8 |   6.6 |      46 |       6 |  11.5
            +---------+---------+-------+---------+---------+-------
        D:1 |      29 |       8 |  21.6 |      16 |       6 |  27.3
        D:2 |      79 |       0 |   0.0 |      27 |       0 |   0.0
        D:3 |       5 |       0 |   0.0 |       3 |       0 |   0.0
            +---------+---------+-------+---------+---------+-------
